[Event "*** Titled Tuesday Blitz"]
[Site "Chess.com"]
[Date "2020.04.21"]
[Round "5"]
[White "MasterKroket"]
[Black "artichaud"]
[Result "1-0"]
[WhiteElo "2430"]
[BlackElo "2222"]
[TimeControl "180+1"]
[EndTime "10:56:04 PDT"]
[Termination "MasterKroket won on time"]

1. d4 f5 2. c4 Nf6 3. Nf3 g6 4. Nc3 Bg7 5. g3 d6 6. Bg2 O-O 7. O-O Na6 8. b3 c6 9. Bb2 Nc7 10. Qc2 b5 11. Nd2 bxc4 12. Bxc6 cxb3 13. axb3 Rb8 14.
Rxa7 Bd7 15. Bg2 Nb5 16. Nxb5 Bxb5 17. Nc4 Rc8 18. d5 Rc7 19. Rfa1 Rc5 20. Bd4 Bxc4 21. bxc4 Rc7 22. Qd3 Rxa7 23. Rxa7 Re8 24. Qe3 Kf8 25.
Qe6 Qc8 26. Qxc8 Rxc8 27. Ra4 1-0

[Event "*** Titled Tuesday Blitz"]
[Site "Chess.com"]
[Date "2020.04.21"]
[Round "5"]
[White "Andrii_Prydun"]
[Black "pawnwonder"]
[Result "0-1"]
[WhiteElo "2333"]
[BlackElo "2192"]
[TimeControl "180+1"]
[EndTime "10:56:04 PDT"]
[Termination "pawnwonder won by resignation"]

1. d4 Nf6 2. Nc3 d5 3. Bf4 g6 4. Nb5 Na6 5. e3 Bg7 6. Nf3 c6 7. Nc3 O-O 8. Bxa6 bxa6 9. Na4 Bg4 10. O-O Nd7 11. Nd2 Bxd1 12. Rfxd1 Qa5 13. Nc3 e5 14. Nb3 Qd8 15. Bg3 exd4 16. exd4 Re8 17. Na4 h5 18. Bf4 Qf6 19. Be3 Qf5 20. Rd3 Nb6 21. Na5 Nxa4 22. b3 Nb6 23. Rad1 Rac8 24. h4 Qg4 25. g3 Rxe3 26.
fxe3 Qxg3+ 27. Kf1 Re8 28. Re1 Qf3+ 29. Kg1 Bf6 30.
Nxc6 Bxh4 31. Rf1 Qg3+ 32. Kh1 Qh3+ 33. Kg1 Bg3 34. Rd2 Rxe3 35. Ne5 Bxe5 36. dxe5 Rg3+ 0-1

[Event "*** Titled Tuesday Blitz"]
[Site "Chess.com"]
[Date "2020.04.21"]
[Round "5"]
[White "AsaHoffmann"]
[Black "lolo9292"]
[Result "0-1"]
[WhiteElo "2338"]
[BlackElo "2514"]
[TimeControl "180+1"]
[EndTime "10:56:06 PDT"]
[Termination "lolo9292 won by resignation"]

1. d4 Nf6 2. Bg5 g6 3. Nc3 Bg7 4. e4 d6 5. f3 a6 6. Qd2 b5 7. Bd3 Bb7 8. Nge2 Nbd7 9. a4 b4 10. Nd1 c5 11. c3 bxc3 12. bxc3 cxd4 13. cxd4 O-O 14. O-O Qb6 15. Rb1 Qa7 16. Nf2 Rac8 17. Bh6 Bxh6 18. Qxh6 e5 19. Qe3 d5 20. Ng4 Nxg4 21.
fxg4 exd4 22. Qxd4 Qxd4+ 23. Nxd4 Nc5 24. exd5 Bxd5 25.
Be2 Rfe8 26. Bf3 Bc4 27. Rfc1 Nd3 28. Rc3 Ne5 29. Rbc1 Rc5 30. h3 Rec8 31. Bb7 Rb8 32. Bxa6 Bxa6 33. Rxc5 Nd3 34. Rc6 Nxc1 35. Rxa6 Rb1 36.
Kh2 Kg7 37. Ra7 Rb4 38. Nc6 Rb2 39. Nd8 Nd3 40. Rxf7+ Kh6 41. Rd7 Nf4 42. Kg3 g5 43. Rd6+ Ng6 44. Ne6 Rb3+ 45. Kh2 Rb2 46. Nd4 Kg7 47.
Nf5+ Kf8 48. a5 Nf4 49. a6 Ra2 50.
h4 Rxg2+ 51. Kh1 Ra2 52. hxg5 Ng6 53. Nd4 Ne5 54. Nb5 Kg7 55. a7 Nf3 56. Rh6 Nxg5 57. Kg1 Kxh6 58. Kf1 Kg6 0-1

[Event "*** Titled Tuesday Blitz"]
[Site "Chess.com"]
[Date "2020.04.21"]
[Round "5"]
[White "leoduarte"]
[Black "stasiek18"]
[Result "0-1"]
[WhiteElo "2233"]
[BlackElo "2413"]
[TimeControl "180+1"]
[EndTime "10:56:06 PDT"]
[Termination "stasiek18 won by resignation"]

1. e4 e6 2. d4 d5 3. Nd2 c5 4.
exd5 Qxd5 5. Ngf3 cxd4 6. Bc4 Qd7 7. O-O Nc6 8. Nb3 a6 9. Nbxd4 Nxd4 10. Nxd4 Qc7 11.
Bb3 Bd6 12. Qf3 Bxh2+ 13. Kh1 Be5 14. Ba4+ Kf8 15. Rd1 Nf6 16. c4 h5 17. Bg5 Ng4 18.
Rac1 Bxd4 19. Bf4 Be5 20. Bxe5 Nxe5 21. Qg3 f6 22. c5 h4 23. Qf4 h3 24. g3 b5 25.
cxb6 Bb7+ 26. Kg1 h2+ 0-1

[Event "*** Titled Tuesday Blitz"]
[Site "Chess.com"]
[Date "2020.04.21"]
[Round "5"]
[White "Gennady_Kozlov"]
[Black "Sviridov_Valery"]
[Result "0-1"]
[WhiteElo "2579"]
[BlackElo "2863"]
[TimeControl "180+1"]
[EndTime "10:56:07 PDT"]
[Termination "Sviridov_Valery won by resignation"]

1. b3 Nf6 2. Bb2 g6 3. e3 Bg7 4. f4 O-O 5. Nf3 d6 6. Be2 Nbd7 7. O-O e5 8. fxe5 Ng4 9. h3 Ngxe5 10. Nxe5 Nxe5 11. d4 Nd7 12. Bd3 Qg5 13. Qf3 Nc5 14.
Nd2 Nxd3 15. cxd3 Bf5 16. Ne4 Qe7 17. Rab1 Rae8 18. Rbc1 d5 19. Nf2 Qxe3 20. Rxc7 Qxf3 21. gxf3 Re2 22. Ba3 Rfe8 23. Rxb7 Bxd4 24. Rb4 Be3 25. Kg2 Rxa2 26. Bc1 Rxf2+ 27. Rxf2 Bxc1 28. Rb7 Be3 29. Re2 Bxd3 30. Re1 a6 31. Rd7 Re5 32. Rd1 Bc2 33.
R1xd5 Rxd5 34. Rxd5 Kg7 35. Rd6 a5 36. Rd5 Bb6 37.
Rb5 Bd8 38. Rd5 Bf6 39. Rxa5 Bxb3 40. Ra3 Be6 41. Re3 h5 42. Kg3 h4+ 43. Kg2 g5 44. Rd3 Kg6 45. Re3 Bd4 46. Rd3 Be5 47. Re3 Kf5 48. Re4 Bd5 49. Ra4 f6 50. Rb4 Bd6 51.
Rd4 Ke5 52. Ra4 f5 53. Rb4 Bxb4 0-1

[Event "*** Titled Tuesday Blitz"]
[Site "Chess.com"]
[Date "2020.04.21"]
[Round "5"]
[White "krasavetc"]
[Black "Gabix_94"]
[Result "1-0"]
[WhiteElo "2475"]
[BlackElo "2791"]
[TimeControl "180+1"]
[EndTime "10:56:07 PDT"]
[Termination "krasavetc won on time"]

1. e4 c5 2. Nf3 e6 3. d3 Nc6 4. Nbd2 d5 5. g3 Bd6 6. Bg2 Nge7 7. O-O O-O 8. Re1 Qc7 9. c3 d4 10. Nc4 e5 11. Qe2 f6 12. Nh4 Be6 13. Nxd6 Qxd6 14. c4 a6 15. f4 b5 16. b3 Rab8 17. f5 Bf7 18. g4 a5 19. Nf3 a4 20. g5 Na5 21.
gxf6 gxf6 22. Bh6 Rfc8 23. Kh1 Kh8 24. Rg1 axb3 25. axb3 Nxb3 26. Bh3 Rg8 27. Rab1 bxc4 28. dxc4 Na5 29. Rxb8 Qxb8 30. Nd2 Rg2 31. Qxg2 1-0

[Event "*** Titled Tuesday Blitz"]
[Site "Chess.com"]
[Date "2020.04.21"]
[Round "5"]
[White "GMMarcinDziuba"]
[Black "Jbd735"]
[Result "1-0"]
[WhiteElo "2693"]
[BlackElo "2459"]
[TimeControl "180+1"]
[EndTime "10:56:08 PDT"]
[Termination "GMMarcinDziuba won on time"]

1. Nf3 d5 2. e3 Nf6 3. b3 c6 4. Bb2 Bg4 5. h3 Bxf3 6. Qxf3 Nbd7 7. g4 h6 8. h4 e5 9. g5 hxg5 10. hxg5 Rxh1 11. Qxh1 Ne4 12. g6 fxg6 13. Nc3 Nxc3 14. dxc3 Qf6 15. Qg2 O-O-O 16. O-O-O e4 17. c4 Qf7 18.
cxd5 cxd5 19. c4 Nf6 20. Qg3 Bd6 21. Qg5 Kb8 22. cxd5 Rc8+ 23. Kb1 Qe7 24. Bh3 Rc5 25. Qxg6 Nxd5 26. Qe6 Qxe6 27. Bxe6 1-0

[Event "*** Titled Tuesday Blitz"]
[Site "Chess.com"]
[Date "2020.04.21"]
[Round "5"]
[White "Ranindu2003"]
[Black "2165149677570"]
[Result "1-0"]
[WhiteElo "2508"]
[BlackElo "2330"]
[TimeControl "180+1"]
[EndTime "10:56:09 PDT"]
[Termination "Ranindu2003 won by resignation"]

1. e4 c5 2. Nf3 d6 3. d4 cxd4 4. Nxd4 Nf6 5. Nc3 a6 6. h3 e5 7.
Nb3 Be6 8. f4 Qc7 9. f5 Bc4 10.
Bg5 Bxf1 11. Rxf1 Nbd7 12. Qf3 b5 13. O-O-O b4 14. Nd5 Nxd5 15. Rxd5 Nb6 16. Rd3 a5 17. Kb1 f6 18. Be3 Nc4 19. Nd2 Be7 20. Qh5+ Kd7 21.
Qf7 Nxd2+ 22. Rxd2 a4 23. Rfd1 b3 24. cxb3 axb3 25.
a3 Ra6 26. Rc1 Rc6 27. Qe6+ Kd8 28. Rdd1 Rc2 29. Qxb3 Rxc1+ 30. Rxc1 1-0

[Event "*** Titled Tuesday Blitz"]
[Site "Chess.com"]
[Date "2020.04.21"]
[Round "5"]
[White "LifeIsAllAboutChess23"]
[Black "Justinz"]
[Result "0-1"]
[WhiteElo "2014"]
[BlackElo "2295"]
[TimeControl "180+1"]
[EndTime "10:56:10 PDT"]
[Termination "Justinz won by checkmate"]

1. d4 Nf6 2. Bg5 e6 3. Nd2 h6 4. Bh4 c5 5. e3 d5 6. f4 Nc6 7.
c3 Be7 8. Bd3 b6 9. Ngf3 Bb7 10.
Ne5 Qc7 11. O-O Bd6 12. Ndf3 O-O-O 13. Nxc6 Bxc6 14. Ne5 Bb7 15. Qa4 Kb8 16. Bb5 Rdg8 17. Bc6 Bxe5 18. Bxb7 Bxd4 19. cxd4 Qxb7 20. dxc5 bxc5 21.
Rac1 Ne4 22. f5 g5 23. Be1 Ka8 24. Bc3 Rh7 25. Be5 h5 26. b4 c4 27. b5 f6 28.
Bd4 e5 29. Bb2 h4 30. Qa5 h3 31. g3 Rd7 32. b6 a6 33. Rfd1 Rc8 34. Ba3 d4 35. exd4 exd4 36. Rc2 d3 37. Rb2 c3 38. Rb4 c2 39. Rf1 d2 40. Rxe4 d1=Q 41. Rxd1 cxd1=Q+ 42. Kf2 Rc2+ 43. Ke3 Rd3# 0-1

[Event "*** Titled Tuesday Blitz"]
[Site "Chess.com"]
[Date "2020.04.21"]
[Round "5"]
[White "GMAkobianSTL"]
[Black "Kildepiotr"]
[Result "1-0"]
[WhiteElo "2792"]
[BlackElo "2532"]
[TimeControl "180+1"]
[EndTime "10:56:11 PDT"]
[Termination "GMAkobianSTL won by resignation"]

1. d4 c5 2. c4 cxd4 3. Nf3 e5 4. e3 dxe3 5. Bxe3 Nc6 6. a3 Nf6 7. Nc3 d6 8. Be2 Be7 9. O-O O-O 10. Qc2 Ng4 11. Bd2 f5 12. h3 Nf6 13. Bg5 h6 14.
Bxf6 Bxf6 15. Rad1 Be6 16. c5 e4 17. Rxd6 Qe8 18.
Nxe4 fxe4 19. Rxe6 Qxe6 20. Bc4 exf3 21. Bxe6+ Kh8 22.
g3 Nd4 23. Qc4 Rae8 24. Bd5 Re2 25. b4 Be5 26. Bxb7 Rd2 27. Be4 Ne2+ 28. Kh1 Bxg3 29. c6 Bc7 30. Qc5 Rf6 31. Qxa7 Rd4 32. Qxc7 Rxe4 33.
Qd8+ Kh7 34. Qd3 1-0

[Event "*** Titled Tuesday Blitz"]
[Site "Chess.com"]
[Date "2020.04.21"]
[Round "5"]
[White "ZAbdumalik"]
[Black "JoakimVonAnd"]
[Result "0-1"]
[WhiteElo "2689"]
[BlackElo "2520"]
[TimeControl "180+1"]
[EndTime "10:56:12 PDT"]
[Termination "JoakimVonAnd won by checkmate"]

1. e4 c6 2. d4 d5 3. Nd2 dxe4 4. Nxe4 Bf5 5. Ng3 Bg6 6. h4 h6 7. Nh3 Nf6 8. Nf4 Bh7 9. Be3 e6 10. Bd3 Bxd3 11. Qxd3 Bd6 12. O-O-O Nbd7 13. Ngh5 Nxh5 14. Nxh5 g6 15. Nf4 Qf6 16. g3 O-O-O 17. Kb1 Qf5 18. Qxf5 gxf5 19. Nd3 Nf6 20. Ne5 Rh7 21. c4 a6 22. Kc2 Kc7 23. Bf4 Nh5 24. Be3 Nf6 25. Rhe1 Rg8 26. Bf4 Nh5 27. c5 Be7 28. Ng6+ Kd7 29.
Nxe7 Kxe7 30. Bd6+ Kd7 31. Be5 Rg4 32. b4 f6 33. Bd6 f4 34. Rd3 fxg3 35. fxg3 Rh8 36. a4 Ng7 37. Rf1 Nf5 38. Bf4 h5 39. Kc3 Rhg8 40.
Rff3 Ne7 41. Bd6 Nd5+ 42. Kc4 e5 43. Rf2 Rxg3 44. dxe5 R8g4+ 45. Rd4 Rc3# 0-1

[Event "*** Titled Tuesday Blitz"]
[Site "Chess.com"]
[Date "2020.04.21"]
[Round "5"]
[White "GMNeiksans"]
[Black "jsdbv18"]
[Result "1/2-1/2"]
[WhiteElo "2861"]
[BlackElo "2560"]
[TimeControl "180+1"]
[EndTime "10:56:12 PDT"]
[Termination "Game drawn by repetition"]

1. e4 c5 2. Nf3 d6 3. Bb5+ Nd7 4. O-O a6 5. Bd3 Ngf6 6. Re1 g6 7. c3 Bg7 8. Bc2 O-O 9. d4 e5 10. a4 Qc7 11. d5 b6 12. Na3 Rb8 13. Qe2 Nh5 14. Bd3 Ra8 15. g3 Qd8 16. b4 f5 17. Ng5 Ndf6 18. Nc4 Rb8 19. bxc5 bxc5 20. f3 fxe4 21. Nxe4 Nxd5 22. Ncxd6 Nxc3 23. Bc4+ Kh8 24. Qd3 Nxe4 25. fxe4 Qe7 26. Ba3 Be6 27. Bxc5 Bxc4 28. Qxc4 Qg5 29. Nf7+ Rxf7 30. Qxf7 Nxg3 31. hxg3 Qxg3+ 32. Kf1 Qh3+ 33. Kg1 Qg3+ 34. Kf1 Qh3+ 35. Kg1 Qg3+ 1/2-1/2

[Event "*** Titled Tuesday Blitz"]
[Site "Chess.com"]
[Date "2020.04.21"]
[Round "5"]
[White "Pavlov_Sergey"]
[Black "Harsha_Bharathakoti"]
[Result "1-0"]
[WhiteElo "2637"]
[BlackElo "2781"]
[TimeControl "180+1"]
[EndTime "10:56:13 PDT"]
[Termination "Pavlov_Sergey won by resignation"]

1. c4 g6 2. Nf3 Bg7 3. d4 f5 4. Nc3 Nf6 5. g3 O-O 6. Bg2 d6 7. O-O Qe8 8. Re1 e5 9. dxe5 dxe5 10. e4 f4 11. gxf4 Bg4 12. fxe5 Nfd7 13. Qd5+ Kh8 14. Qxb7 Bxf3 15. Bxf3 Nxe5 16. Bg2 Nbc6 17. Be3 Nxc4 18.
e5 N4xe5 19. f4 Rb8 20. Qxc7 Rc8 21. Qb7 Nd3 22. Re2 Nd4 23. Qxg7+ Kxg7 24. Bxd4+ Kh6 25. Rxe8 Rfxe8 26. Nd5 Rc2 27. Ne3 Re2 28. Ng4+ 1-0

[Event "*** Titled Tuesday Blitz"]
[Site "Chess.com"]
[Date "2020.04.21"]
[Round "5"]
[White "pedromartinez91"]
[Black "aNaartjieZA"]
[Result "0-1"]
[WhiteElo "2427"]
[BlackElo "2604"]
[TimeControl "180+1"]
[EndTime "10:56:14 PDT"]
[Termination "aNaartjieZA won by resignation"]

1. e4 e6 2. d4 d5 3. Nc3 Bb4 4. e5 c5 5. a3 Bxc3+ 6. bxc3 Ne7 7. h4 Qc7 8. h5 cxd4 9. cxd4 Qc3+ 10. Bd2 Qxd4 11.
Nf3 Qb6 12. h6 gxh6 13. a4 Nbc6 14. a5 Qc7 15. Rh5 Bd7 16. a6 b6 17. Bd3 Ng6 18. Qe2 O-O-O 19. Kf1 Kb8 20. Kg1 Rhg8 21. g3 Bc8 22.
Re1 Qe7 23. Rxh6 Qc5 24. Be3 d4 25. Bg5 Rdf8 26. Bf6 Nf4 27. Qe4 Nxd3 28. cxd3 Bxa6 29. Qf4 Bb7 30. Rc1 Qd5 31. Rxh7 Nb4 32. Rc4 Nxd3 33. Qxd4 Qxf3 34. Qd6+ Ka8 35. Rc6 Bxc6 0-1

[Event "*** Titled Tuesday Blitz"]
[Site "Chess.com"]
[Date "2020.04.21"]
[Round "5"]
[White "DenishevM"]
[Black "kingnb"]
[Result "0-1"]
[WhiteElo "2620"]
[BlackElo "2454"]
[TimeControl "180+1"]
[EndTime "10:56:14 PDT"]
[Termination "kingnb won by resignation"]

1. d4 d6 2. Nf3 Bg4 3. g3 Nd7 4. Bg2 c6 5. O-O Ngf6 6. c4 g6 7. Nc3 Bg7 8. h3 Bxf3 9. Bxf3 O-O 10. e3 e5 11. b3 Re8 12. Bb2 e4 13. Bg2 h5 14. h4 Nb6 15. Rc1 d5 16. cxd5 Nbxd5 17. Nxd5 Nxd5 18. Qd2 Qd7 19. Kh2 Bf8 20. Bc3 Bd6 21. Kg1 Rac8 22. Qe2 Qe7 23. Rfd1 f5 24. Be1 Rf8 25. Rc2 Kh7 26. Rc4 Kh6 27. f4 exf3 28. Qxf3 Qxe3+ 29. Kh2 Qxf3 30. Bxf3 f4 31. Bxd5 cxd5 32.
Rxc8 Rxc8 33. gxf4 Bxf4+ 34. Bg3 Rc2+ 35. Kh3 Rc3 36.
Rg1 g5 37. hxg5+ Kxg5 38. Kh2 Rxg3 39. Rxg3+ 0-1

[Event "*** Titled Tuesday Blitz"]
[Site "Chess.com"]
[Date "2020.04.21"]
[Round "5"]
[White "Diego_FloresQ"]
[Black "Hippotaner"]
[Result "1-0"]
[WhiteElo "2422"]
[BlackElo "2240"]
[TimeControl "180+1"]
[EndTime "10:56:14 PDT"]
[Termination "Diego_FloresQ won on time"]

1. e4 c5 2. Nf3 Nc6 3. d4 cxd4 4. Nxd4 Nf6 5. Nc3 e5 6. Ndb5 d6 7. Bg5 a6 8. Na3 b5 9. Nd5 Be7 10. Bxf6 Bxf6 11. c3 O-O 12. Nc2 Rb8 13. Ncb4 Nxb4 14. cxb4 Bg5 15. a4 Be6 16. axb5 axb5 17. Be2 Qd7 18.
O-O Rfc8 19. Qd3 Bxd5 20. Qxd5 Rc2 21. Bxb5 Qc7 22. Ra8 g6 23. Bc4 Rxa8 24. Qxa8+ Kg7 25. b3 Qb6 26. Qd5 Qc7 27. b5 Rd2 28. Qc6 Qe7 29.
b6 Ra2 30. b7 Qd8 31. Qc8 1-0

[Event "*** Titled Tuesday Blitz"]
[Site "Chess.com"]
[Date "2020.04.21"]
[Round "5"]
[White "WiktoriaPOL"]
[Black "ntmh281"]
[Result "0-1"]
[WhiteElo "2045"]
[BlackElo "2268"]
[TimeControl "180+1"]
[EndTime "10:56:14 PDT"]
[Termination "ntmh281 won on time"]

1. c4 Nf6 2. Nc3 c6 3. g3 d5 4. cxd5 cxd5 5. d4 Nc6 6. Bg2 Bf5 7. Nf3 e6 8. O-O h6 9. h4 Be7 10. Bf4 O-O 11. Rc1 Rc8 12. a3 Ne4 13. e3 g5 14.
hxg5 hxg5 15. Be5 f6 16. Nxe4 dxe4 17. Bxf6 Bxf6 18. Nd2 Qd5 19. f3 exf3 20. Bxf3 Qd7 21. Nb3 b6 22. g4 Bg6 23. d5 Ne7 24. d6 Nc6 25. Bxc6 Rxc6 26. Rxc6 Qxc6 27. Qd2 Qd5 28.
Qxd5 exd5 29. d7 Be7 0-1

[Event "*** Titled Tuesday Blitz"]
[Site "Chess.com"]
[Date "2020.04.21"]
[Round "5"]
[White "LionTheLeon_06"]
[Black "LiamPutnam2008"]
[Result "1-0"]
[WhiteElo "2628"]
[BlackElo "2477"]
[TimeControl "180+1"]
[EndTime "10:56:15 PDT"]
[Termination "LionTheLeon_06 won on time"]

1. d4 Nf6 2. c4 e6 3. Nc3 Bb4 4.
e3 O-O 5. Bd3 c5 6. Ne2 d5 7. a3 Bxc3+ 8. bxc3 dxc4 9. Bxc4 a6 10. O-O b5 11. Bd3 Bb7 12. a4 c4 13. Bc2 Nbd7 14. f3 e5 15. e4 Qc7 16. Be3 Rfd8 17. Qd2 Ne8 18. f4 Nd6 19. fxe5 Nxe4 20. Qe1 Qc6 21. Nf4 Nb6 22. d5 Qc7 23. Bxe4 Nxa4 24. d6 Qd7 25. Bxb7 Qxb7 26. Bd4 Re8 27. Nh5 Re6 28. Qf2 Rf8 29. Rae1 Qd7 30. Re3 a5 31. Rg3 Rg6 32. Nxg7 b4 33. Nh5 1-0

[Event "*** Titled Tuesday Blitz"]
[Site "Chess.com"]
[Date "2020.04.21"]
[Round "5"]
[White "ALeks_Ivlev"]
[Black "Pultis"]
[Result "0-1"]
[WhiteElo "2521"]
[BlackElo "2731"]
[TimeControl "180+1"]
[EndTime "10:56:16 PDT"]
[Termination "Pultis won by resignation"]

1. d4 Nf6 2. c4 g6 3. Nc3 d5 4. cxd5 Nxd5 5. e4 Nxc3 6. bxc3 Bg7 7. Nf3 O-O 8. Rb1 c5 9. Be2 cxd4 10. cxd4 Qa5+ 11.
Qd2 Qxd2+ 12. Bxd2 b6 13. O-O Bb7 14. e5 Rd8 15. Rfc1 Nc6 16. Be3 e6 17. Kf1 Rac8 18. Rb2 Bf8 19. Rbc2 Nb4 20. Rxc8 Rxc8 21. Rxc8 Bxc8 22. Bc4 Bb7 23. Nd2 b5 24. Bxb5 Nxa2 25. Nb3 Nc3 26. Bd3 Bd5 27. Bd2 Bb4 28. Nc5 a5 29. Ke1 Bxg2 30. Na6 Nd5 31. Nxb4 axb4 32. Bc4 Nc3 33. Bxc3 bxc3 34. Kd1 Be4 35. Bb3 g5 36.
Bc2 Bxc2+ 37. Kxc2 Kg7 38. Kxc3 Kg6 39. Kd3 Kf5 40. Ke3 Kg4 41. Ke4 h5 42. d5 exd5+ 43. Kxd5 Kf5 44. Kd6 h4 45. Ke7 Kxe5 46. Kxf7 h3 47. Kg6 Kf4 48. Kh5 g4 49. Kh4 Kf3 50.
Kg5 Kxf2 51. Kxg4 Kg2 52. Kf4 Kxh2 53. Kf3 Kg1 0-1

[Event "*** Titled Tuesday Blitz"]
[Site "Chess.com"]
[Date "2020.04.21"]
[Round "5"]
[White "Yuri202062"]
[Black "annamaja"]
[Result "1-0"]
[WhiteElo "2494"]
[BlackElo "2224"]
[TimeControl "180+1"]
[EndTime "10:56:16 PDT"]
[Termination "Yuri202062 won on time"]

1. d4 Nf6 2. c4 e6 3. Nc3 Bb4 4. e3 O-O 5. Bd3 d5 6. cxd5 exd5 7. Ne2 Re8 8. O-O c6 9. f3 c5 10. a3 Bxc3 11. bxc3 Nc6 12. Ng3 b6 13. Ra2 a5 14.
Re2 Ba6 15. Bxa6 Rxa6 16. Bb2 cxd4 17. cxd4 b5 18. e4 b4 19. e5 Nd7 20. Nf5 Nb6 21. Nd6 Rf8 22. Qd3 Ra7 23. f4 Na4 24. Ba1 Qb6 25. f5 bxa3 26. f6 Nxe5 27. Qg3 Ng6 28. fxg7 Kxg7 29. Nf5+ Kh8 30. Qg5 Nb2 31. Bxb2 axb2 32.
Rxb2 Qe6 33. Re2 1-0

[Event "*** Titled Tuesday Blitz"]
[Site "Chess.com"]
[Date "2020.04.21"]
[Round "5"]
[White "Ladislav1969"]
[Black "ADODOVE"]
[Result "1/2-1/2"]
[WhiteElo "2268"]
[BlackElo "1915"]
[TimeControl "180+1"]
[EndTime "10:56:16 PDT"]
[Termination "Game drawn by repetition"]

1. e4 e5 2. Bc4 Nf6 3. d3 c6 4. Nf3 d5 5. Bb3 Bd6 6. Nc3 d4 7. Ne2 O-O 8. O-O Bg4 9. Ng3 Nbd7 10. h3 Bxf3 11. Qxf3 g6 12. Bh6 Re8 13. Qe2 Nc5 14.
f4 Nxb3 15. axb3 exf4 16. Bxf4 Bxf4 17. Rxf4 Nd5 18. Rf3 Qg5 19. Raf1 Re7 20. R1f2 Rf8 21. Nf1 f5 22. Qd2 Qxd2 23. Nxd2 Ne3 24. Nc4 Nxc4 25. bxc4 Ref7 26. exf5 Rxf5 27. Rxf5 gxf5 28. Rf4 c5 29. Kf2 Kg7 30. Kf3 a5 31. Kg3 b6 32. Rf2 Kf6 33. Re2 Rg8+ 34. Kf3 h5 35. g3 h4 36. gxh4 Rh8 37. Kg3 Rg8+ 38. Kf3 Rh8 39. Kg3 Rg8+ 40. Kf3 1/2-1/2

[Event "*** Titled Tuesday Blitz"]
[Site "Chess.com"]
[Date "2020.04.21"]
[Round "5"]
[White "SloLev"]
[Black "Nastya_Rakhmangulova"]
[Result "1-0"]
[WhiteElo "2526"]
[BlackElo "2368"]
[TimeControl "180+1"]
[EndTime "10:56:18 PDT"]
[Termination "SloLev won by checkmate"]

1. e4 d5 2. exd5 Qxd5 3. Nc3 Qd6 4. d4 Nf6 5. Nf3 Bg4 6. g3 Nc6 7. Bf4 Qb4 8. Bg2 O-O-O 9. h3 Bxf3 10. Qxf3 Nxd4 11. Qd3 Qxb2 12. Rb1 Nxc2+ 13. Ke2 Rxd3 14. Rxb2 Rxc3 15. Bxb7+ Kd8 16. Rd1+ Nd7 17. Bc6 Rc4 18. Rb8# 1-0

[Event "*** Titled Tuesday Blitz"]
[Site "Chess.com"]
[Date "2020.04.21"]
[Round "5"]
[White "DanielTitichoca"]
[Black "YPradafah"]
[Result "1-0"]
[WhiteElo "2341"]
[BlackElo "2452"]
[TimeControl "180+1"]
[EndTime "10:56:18 PDT"]
[Termination "DanielTitichoca won by resignation"]

1. e4 c5 2. Nf3 Nc6 3. d4 cxd4 4.
Nxd4 Nf6 5. Nc3 e5 6. Ndb5 d6 7. Bg5 a6 8. Bxf6 gxf6 9. Na3 b5 10. Nd5 Bg7 11. g3 Ne7 12. Bg2 O-O 13. O-O Nxd5 14. Qxd5 Be6 15. Qd2 Rc8 16. c3 f5 17. Rfd1 f4 18.
Qxd6 Qf6 19. Qxa6 f3 20. Bf1 b4 21. cxb4 Qg5 22. Qd3 Qh5 23. b5 f5 24. Rac1 Rce8 25.
b6 f4 26. Rc7 fxg3 27. hxg3 Bh3 28. Bxh3 Qxh3 29. Qf1 Qh5 30. Rdd7 Bh6 31. Rxh7 Qg6 32. Qh3 Rd8 1-0

[Event "*** Titled Tuesday Blitz"]
[Site "Chess.com"]
[Date "2020.04.21"]
[Round "5"]
[White "lilleper1"]
[Black "DanielDardha2005"]
[Result "0-1"]
[WhiteElo "2714"]
[BlackElo "2588"]
[TimeControl "180+1"]
[EndTime "10:56:20 PDT"]
[Termination "DanielDardha2005 won by resignation"]

1. e4 c5 2. Nf3 Nc6 3. d4 cxd4 4. Nxd4 Nf6 5. Nc3 e5 6. Ndb5 d6 7. Bg5 a6 8. Na3 b5 9. Nd5 Be7 10. Bxf6 Bxf6 11. c3 Ne7 12. Nxf6+ gxf6 13. Nc2 Bb7 14. Bd3 d5 15. exd5 Qxd5 16. Ne3 Qe6 17. Qc2 e4 18. Be2 f5 19. g3 O-O 20. O-O Ng6 21. Ng2 f4 22. gxf4 Kh8 23. Qd2 Rg8 24. Kh1 e3 25.
Qd4+ f6 26. f3 Rad8 27. Qa7 Rd7 28. Qc5 Rd2 29. f5 Qe5 30. Qxe5 Nxe5 31. Rae1 Nd3 32.
Bxd3 Rgxg2 0-1

[Event "*** Titled Tuesday Blitz"]
[Site "Chess.com"]
[Date "2020.04.21"]
[Round "5"]
[White "Jenia84"]
[Black "Milchone1"]
[Result "1/2-1/2"]
[WhiteElo "2303"]
[BlackElo "2487"]
[TimeControl "180+1"]
[EndTime "10:56:20 PDT"]
[Termination "Game drawn by repetition"]

1. e4 e5 2. Nf3 Nc6 3. Bb5 Nge7 4.
O-O a6 5. Ba4 g6 6. Bb3 Bg7 7.
c3 O-O 8. d4 exd4 9. cxd4 b5 10. a3 d6 11. h3 Na5 12. Bc2 c5 13. Nc3 h6 14. dxc5 dxc5 15. Qxd8 Rxd8 16. Be3 Nc4 17. Bxc5 Nc6 18. Rad1 Rxd1 19. Rxd1 Nxb2 20. Rd6 Bxc3 21.
Rxc6 Nc4 22. Bb3 Bb7 23. Rc7 Bxe4 24. Bb4 Bxb4 25. axb4 Bxf3 26. gxf3 a5 27. bxa5 Rxa5 28. Bxc4 bxc4 29. Rxc4 Kg7 30. Kg2 h5 31. h4 Ra3 32.
Rd4 Ra6 33. Re4 f6 34. Rc4 g5 35. hxg5 fxg5 36. f4 g4 37. Kg3 Kg6 38. Kh4 Rf6 39.
Re4 Rf5 40. Re6+ Kf7 41. Re4 Kg6 42. Re6+ Kf7 43. Re4 Kg6 1/2-1/2

[Event "*** Titled Tuesday Blitz"]
[Site "Chess.com"]
[Date "2020.04.21"]
[Round "5"]
[White "TengisChess"]
[Black "tacticthunder"]
[Result "1-0"]
[WhiteElo "2479"]
[BlackElo "2607"]
[TimeControl "180+1"]
[EndTime "10:56:21 PDT"]
[Termination "TengisChess won on time"]

1. Nf3 Nf6 2. g3 b5 3. Bg2 Bb7 4. O-O e6 5. a4 b4 6. c4 bxc3 7. bxc3 c5 8. d3 Be7 9. c4 O-O 10. Nc3 Nc6 11. Rb1 Rb8 12. Bf4 d6 13. Bg5 Qd7 14.
Nd2 h6 15. Bxf6 Bxf6 16. Nde4 Be5 17. Nb5 f5 18. Nd2 a6 19. Na3 Nd4 20. Rxb7 Rxb7 21. Bxb7 Qxb7 22. Nc2 Nc6 23. Nf3 Bf6 24. d4 Qe7 25. d5 Na5 26. Ne3 Rb8 27. dxe6 Qxe6 28. Qd2 g6 29. Qxa5 Rb3 30. Qxa6 f4 31. Nd5 fxg3 32.
hxg3 Bg7 33. Nf4 Qf5 34. Qxd6 Kh7 35. Nh4 Qg5 36. Nhxg6 h5 37. Nh4 Qh6 38. Qd1 Qg5 39. Qxb3 1-0

[Event "*** Titled Tuesday Blitz"]
[Site "Chess.com"]
[Date "2020.04.21"]
[Round "5"]
[White "BlueWizzard"]
[Black "Shield12"]
[Result "0-1"]
[WhiteElo "2752"]
[BlackElo "2925"]
[TimeControl "180+1"]
[EndTime "10:56:22 PDT"]
[Termination "Shield12 won by resignation"]

1. d4 Nf6 2. Nc3 d5 3. Bg5 Nbd7 4. Nf3 c6 5. e3 g6 6. Bd3 Bg7 7. O-O O-O 8. a4 Re8 9. Re1 e5 10. e4 exd4 11. Nxd4 h6 12. Bh4 g5 13. Bg3 dxe4 14.
Bxe4 Nc5 15. Nxc6 Qxd1 16. Raxd1 Ncxe4 17. Nxe4 Nxe4 18. Nb4 Bf5 19. c3 Nxg3 20. hxg3 Rxe1+ 21. Rxe1 Rd8 22. a5 Bf8 23. Re5 Be6 24. Rb5 Rd7 25. a6 bxa6 26. Nxa6 Bc4 27. Ra5 Rd1+ 28. Kh2 Rd2 29. Nc5 Rxb2 30. Nd7 Rxf2 31. Rxa7 Be6 32. Ne5 Bd5 33. Kh3 Bxg2+ 34. Kg4 Bd5 35. Kh3 Be6+ 36. g4 Bd6 37. c4 Bxe5 38. Ra8+ Kg7 39. Rg8+ 0-1

[Event "*** Titled Tuesday Blitz"]
[Site "Chess.com"]
[Date "2020.04.21"]
[Round "5"]
[White "StockholmMissile"]
[Black "LittlePeasant"]
[Result "1-0"]
[WhiteElo "2469"]
[BlackElo "2757"]
[TimeControl "180+1"]
[EndTime "10:56:22 PDT"]
[Termination "StockholmMissile won by resignation"]

1. d4 Nf6 2. c4 c5 3. d5 b5 4. Qc2 b4 5. b3 g6 6. Bb2 Bg7 7.
e4 d6 8. Nf3 O-O 9. Bd3 a5 10.
Nbd2 a4 11. Rd1 axb3 12. axb3 Ra2 13. Qb1 Rxb2 14. Qxb2 Nxd5 15. Qc2 Nc3 16. Rc1 Nc6 17. O-O Bg4 18. h3 Bxf3 19. Nxf3 Nd4 20. Nxd4 Bxd4 21.
Ra1 e6 22. Ra7 Qf6 23. Ra6 Qf4 24. Qc1 Bxf2+ 25. Kh1 Qxc1 26. Rxc1 Bg3 27. Rf1 f5 28. exf5 gxf5 29. Rf3 Be5 30. g4 Ne4 31. gxf5 exf5 32. Bxe4 fxe4 33. Rxf8+ Kxf8 34. Ra7 h6 35. Kg2 Bd4 36. Kf1 Ke8 37. Ke2 Kf8 38. Rd7 Be5 39.
Ke3 1-0